woodfighter, chaotic female orcish Cavewoman ---- |..| --..-- |....------ --........-- ---.......---........ |..--.............. ...........--..| |...... |..--- --.. -).[.|.. |.. ..)...... ----.. .....%... -....- ......... ....-- .....).%.-- --..- ....*....%. |...| ......)... ---.-- --- ....).. |...---@. -.(.. -......a ... |..----. ---- woodfighter the Young Cave Woman Experience level: 6 Strength: 18 Dexterity: 17 Constitution: 18 Intelligence: 7 Wisdom: 9 Charisma: 6 Health: 0(53) Energy: 18(18) Def: 2 Gold: 187 Moves: 2219 Dungeon seed: OBo1T6SsIDU6ZGAS Game ID: woodfighter_1475242645 Your Inventory: Coins $ - 187 gold pieces Weapons a - a +1 club (weapon in hand) t - 11 +0 arrows u - a +0 bow A - 14 +1 arrows Armor e - an uncursed +0 dwarvish mithril-coat m - a blessed +2 dwarvish cloak n - an uncursed +0 dwarvish cloak o - an uncursed +0 dwarvish iron helm p - an uncursed +0 pair of iron shoes q - an uncursed +0 leather armor (being worn) r - an uncursed +0 dwarvish mithril-coat y - an uncursed +0 dwarvish iron helm z - a cursed -1 dwarvish cloak C - an uncursed +0 dwarvish cloak F - an uncursed +0 dwarvish cloak N - an uncursed +0 dwarvish iron helm Y - an uncursed +0 pair of iron shoes Comestibles c - an uncursed candy bar d - an uncursed food ration v - an uncursed mango Scrolls g - an uncursed scroll of scare monster G - an uncursed scroll of blank paper H - a blessed scroll of blank paper I - a blessed scroll of confuse monster Potions s - an uncursed potion of booze Wands D - a wand of digging (0:8) Tools j - an uncursed tallow candle (0:200) w - an uncursed magic whistle x - an uncursed towel Spells and supernatural/magical abilities: Name Level Category Fail Memory W - pray for help -- divine ? -- Your skills at the end: Miscellaneous Skills bare handed combat [Basic] Weapon Skills scimitar [Basic] club [Basic] sling [Basic] Spellcasting Skills Final Attributes: You were piously aligned. You were poison resistant. You had infravision. You were somewhat stealthy. You are dead. Vanquished creatures: 2 gnome kings 2 gnome lords a straw golem a paper golem 4 giant ants 3 puppies 5 dwarves an iguana 2 centipedes a giant bat 3 hobbits a red mold 15 gnomes 2 jackals a fox a kobold 5 newts a goblin a sewer rat 3 grid bugs a bat 3 lichens a kobold zombie 60 creatures vanquished. Voluntary challenges: You did not adorn yourself with jewelry or accessories. You did not cause conflict. You were not invisible. You did not have reflection. You were not displaced. You had been an atheist until turn 1879. You used a wielded weapon 91 times, starting on turn 27. You did not apply a unicorn horn. You did not use plumbed fixtures. You did not drink any magical draughts. You were illiterate. You never genocided any monsters. You never polymorphed an object. You never changed form. You used no wishes. You never split a pudding. You never wrote Elbereth's name. You never violated your personal moral code. Dungeon overview: The Dungeons of Doom: levels 1 to 4 Level 1 a long staircase Level 2 Level 3 (closed shop) stairs to The Gnomish Mines Level 4 The Gnomish Mines: levels 4 to 5 Level 4 stairs to The Dungeons of Doom Level 5 <- You were here History has recorded: On T:1 you entered the Dungeons of Doom to retrieve the Amulet of Yendor! On T:317 you advanced to experience level 2. On T:318 you reached level 2 of The Dungeons of Doom. On T:692 you reached level 3 of The Dungeons of Doom. On T:1036 you reached level 4 of The Dungeons of Doom. On T:1041 you advanced to experience level 3. On T:1158 you reached level 1 of The Gnomish Mines. On T:1393 you advanced to experience level 4. On T:1430 you reached level 2 of The Gnomish Mines. On T:1497 you advanced to experience level 5. On T:1879 you prayed to Anshar. On T:2080 you advanced to experience level 6. Score breakdown: Gold: 187 ( 18 points) Experience: 6 levels ( 500 points) Exploration: 5 levels ( 120 points) Discoveries: 10 items ( 500 points) Variety of kills: 23 monsters ( 1150 points) Major goal: (nothing yet) ( 0 points) Survival: died (score multiplied by 3) Total score: 6864 Latest messages: There are a few objects here. The dwarf wields a dagger! You hit the dwarf! You kill the dwarf! F - a hooded cloak. You see here a dagger. You stop exploring. You hit the paper golem! The paper golem claws you! You hit the paper golem! The paper golem claws you! You hit the paper golem! The paper golem claws you! You destroy the paper golem! G - an unlabeled scroll. H - an unlabeled scroll. I - a labeled ETAOIN SHRDLU. You stop exploring. (2x) Click! You trigger a rolling boulder trap! Fortunately for you, no boulder was released. You stop exploring. You hit the giant beetle! (2x) The giant beetle bites! You hit the giant beetle! You hit the giant beetle. The giant beetle bites! You die... Final status: Goodbye woodfighter the Cavewoman, killed by a giant beetle... You died in The Gnomish Mines on dungeon level 5 with 6864 points, and 187 pieces of gold, after 2219 moves. You were level 6 with a maximum of 53 hit points when you died.